Map: Dusk Towers

Players

CheeseLegs

  • Race: Zerg Zerg
  • League: Master

Miszu - Winner!

  • Race: Terran Terran
  • League: Master

VOD

Have the link to the VOD?

Description

Time

  • Played on: April 18, 2016, 2:51 p.m.
  • Length: 10:45
Show
View Real Time Build Order
Export as new Build Order

CheeseLegs Zerg 

Build Orders: Hatch First, Muta Ling Bane 

Get SALT Encoding   

  12  0:01  Drone  
  13  0:12  Overlord  
  13  0:19  Drone  
  14  0:30  Drone x2  
  14  0:35  Drone  
  17  0:55  Drone, Hatchery  
  17  0:59  Drone  
  18  1:09  Extractor  
  17  1:14  Spawning Pool  
  17  1:16  Drone  
  17  1:21  Drone  
  18  1:28  Drone  
  19  1:41  Overlord  
  19  2:01  Zergling x4  
  19  2:02  Queen  
  19  2:07  Queen  
  25  2:08  Drone  
  25  2:11  Drone  
  25  2:13  Metabolic Boost  
  27  2:18  Drone  
  28  2:23  Drone  
  29  2:30  Drone  
  29  2:36  Drone  
  30  2:44  Drone  
  30  2:45  Drone  
  30  2:49  Pneumatized Carapace  
  32  2:52  Drone  
  33  2:59  Hatchery  
  33  3:04  Drone x2  
  33  3:05  Drone  
  35  3:16  Overlord  
  35  3:20  Overlord  
  35  3:34  Queen  
  35  3:36  Drone x7  
  44  3:47  Evolution Chamber  
  44  3:48  Evolution Chamber  
  42  3:56  Drone x4  
  42  3:57  Drone x2  
  48  4:05  Drone  
  48  4:06  Drone  
  50  4:11  Queen  
  50  4:15  Zerg Melee Weapons Level 1  
  52  4:20  Extractor x2  
  50  4:30  Drone x8  
  58  4:46  Overlord x2  
  58  4:47  Overlord x2  
  58  4:54  Lair  
  58  4:55  Zerg Ground Armor Level 1  
  58  5:03  Extractor  
  58  5:04  Drone  
  58  5:05  Drone x8  
  66  5:11  Overlord x2  
  66  5:15  Drone  
  67  5:26  Baneling Nest  
  67  5:28  Drone x9  
  75  5:36  Extractor x2  
  75  5:41  Hatchery  
  72  5:50  Hatchery  
  72  5:53  Drone  
  72  5:58  Drone x3  
  72  6:00  Drone  
  72  6:01  Zergling x20  
  86  6:09  Centrifical Hooks  
  86  6:11  Baneling  
  86  6:12  Baneling x3  
  86  6:24  Zerg Melee Weapons Level 2  
  86  6:29  Spire, Zergling x28  
  86  6:31  Baneling x4  
  86  6:32  Baneling x6  
  99  6:37  Overlord  
  99  6:38  Overlord x2  
  99  6:51  Drone  
  99  6:52  Zerg Ground Armor Level 2  
  100  6:55  Drone  
  101  7:39  Hatchery  
  101  7:42  Mutalisk x11  
  122  7:45  Zergling x16  
  122  7:48  Overlord x2  
  130  8:08  Zerg Flyer Weapons Level 1  
  130  8:09  Extractor  
  130  8:12  Extractor, Infestation Pit  
  128  8:13  Overseer x2  
  127  8:25  Baneling x11  
  127  8:26  Zergling x36  
  127  8:27  Zergling x2  
  134  8:52  Hive  
  131  9:00  Drone  
  131  9:01  Drone x13  
  142  9:10  Baneling x2  
  142  9:11  Baneling x3  
  142  9:24  Zergling x14  
  142  9:25  Zergling x16  
  142  9:27  Baneling x19  
  157  9:31  Overlord x2  
  157  9:32  Overlord x2  
  151  9:51  Mutalisk x2  
  151  9:52  Mutalisk x3  
  157  9:54  Zergling x14  
  163  10:09  Hatchery  
  143  10:18  Zergling x2  
  143  10:19  Zergling x20  
  129  10:21  Baneling  
  129  10:22  Baneling x10  
Show
View Real Time Build Order
Export as new Build Order

Miszu Terran - Winner!

Build Orders: Reaper Expand, MMM Bio 

Get SALT Encoding   

  12  0:00  SCV  
  13  0:12  SCV  
  14  0:19  Supply Depot  
  14  0:25  SCV  
  15  0:41  SCV  
  15  0:42  Barracks  
  16  0:47  Refinery  
  16  0:53  SCV  
  17  1:05  SCV  
  18  1:17  SCV  
  19  1:29  Orbital Command  
  19  1:32  Reaper  
  20  1:41  Command Center  
  20  1:49  Supply Depot  
  20  1:55  SCV  
  21  2:06  Marine  
  21  2:07  SCV  
  23  2:13  Factory  
  23  2:19  SCV  
  24  2:25  Barracks Reactor  
  24  2:31  SCV  
  25  2:43  SCV  
  25  2:45  Command Center  
  25  2:55  SCV, Orbital Command  
  26  2:59  Barracks  
  26  3:08  Barracks Tech Lab  
  26  3:10  SCV  
  27  3:16  Hellion x2  
  31  3:21  SCV  
  31  3:22  SCV  
  31  3:27  Marine, Stimpack  
  33  3:33  SCV  
  35  3:34  SCV  
  36  3:44  Refinery  
  36  3:45  SCV, Factory Reactor  
  36  3:46  SCV  
  38  3:51  Barracks  
  38  3:55  Marine x2  
  40  3:57  SCV  
  40  3:58  SCV  
  40  3:59  Orbital Command  
  42  4:03  Marine  
  42  4:09  SCV  
  44  4:11  Engineering Bay, SCV  
  44  4:12  Engineering Bay  
  44  4:14  Marine x2  
  47  4:21  SCV  
  47  4:23  Refinery  
  47  4:24  SCV  
  49  4:25  Refinery  
  49  4:30  SCV  
  48  4:31  Marine  
  48  4:33  SCV  
  48  4:36  SCV  
  48  4:37  Terran Infantry Weapons Level 1  
  50  4:40  Terran Infantry Armor Level 1  
  50  4:41  Factory Reactor  
  50  4:45  SCV  
  50  4:47  Orbital Command  
  50  4:48  SCV  
  51  4:54  Starport, Marine x3  
  51  4:57  SCV  
  51  4:59  Supply Depot  
  55  5:00  SCV  
  55  5:02  Supply Depot, Marine  
  55  5:04  Marine  
  58  5:09  SCV  
  58  5:12  Marine, SCV  
  61  5:21  Marine x3, SCV  
  63  5:22  SCV  
  63  5:24  SCV  
  63  5:25  Supply Depot  
  63  5:27  Barracks  
  67  5:29  Barracks  
  67  5:31  Factory Reactor  
  67  5:33  SCV  
  67  5:34  SCV  
  69  5:36  Marine, SCV  
  69  5:37  Marine  
  69  5:38  Combat Shields  
  69  5:41  Supply Depot, Medivac x2  
  76  5:45  Marine  
  76  5:47  Marine, SCV x2  
  76  5:48  SCV  
  81  5:52  Supply Depot  
  81  5:55  Armory  
  81  5:57  Marine x2  
  81  5:58  Marine  
  81  5:59  SCV  
  81  6:03  SCV x2  
  87  6:07  Supply Depot  
  87  6:11  Medivac x2  
  87  6:16  Supply Depot  
  87  6:18  Marine x4, SCV  
  93  6:19  Barracks Reactor  
  93  6:20  Barracks Reactor  
  93  6:21  SCV  
  93  6:22  SCV  
  98  6:26  Barracks  
  98  6:27  Barracks  
  98  6:30  Barracks, SCV  
  99  6:33  Supply Depot  
  99  6:35  Widow Mine x2  
  103  6:46  Medivac  
  103  6:47  Marine x3, Medivac  
  111  6:55  Supply Depot, Terran Infantry Armor Level 2  
  111  6:56  Terran Infantry Weapons Level 2  
  111  6:57  Supply Depot, Marine  
  111  6:58  Marine x3  
  113  7:09  Refinery  
  113  7:10  Supply Depot  
  113  7:11  Supply Depot  
  113  7:14  Marine  
  113  7:15  Marine x3  
  116  7:16  Barracks Tech Lab  
  116  7:17  Barracks Tech Lab  
  116  7:18  Barracks Tech Lab  
  116  7:20  Supply Depot x2  
  116  7:22  Widow Mine x2  
  117  7:23  Medivac  
  121  7:34  Supply Depot  
  121  7:35  Marauder x2  
  121  7:36  Supply Depot  
  125  7:43  Marine, Marauder  
  125  7:44  Marine x5  
  133  7:45  Factory  
  133  7:50  Supply Depot, Widow Mine  
  133  7:51  Supply Depot  
  135  7:52  Marine  
  135  7:53  Marine, Marauder, Widow Mine  
  135  7:56  Marine  
  142  7:59  Marauder  
  142  8:04  Marine  
  142  8:05  Marauder  
  147  8:07  Medivac x2  
  147  8:09  Marine  
  147  8:10  Marine x6  
  158  8:14  Marauder  
  158  8:15  SCV  
  158  8:17  Missile Turret  
  158  8:19  Widow Mine  
  163  8:20  Missile Turret  
  163  8:21  Marauder, Missile Turret  
  163  8:22  Concussive Shells  
  165  8:34  Marine x4, Marauder  
  165  8:35  Marine x4  
  157  8:55  Marine  
  157  8:56  Marine x2, Marauder  
  157  8:57  Hellion x2  
  153  9:03  Marauder x2  
  153  9:08  Factory Tech Lab  
  153  9:10  Medivac x2, Marauder  
  153  9:16  Marine  
  156  9:17  Marine x2, Marauder, Widow Mine x2  
  156  9:21  Command Center  
  164  9:25  Marine  
  164  9:26  Marine x2, Marauder  
  164  9:30  Marauder, Widow Mine  
  173  9:40  Medivac x2  
  170  9:51  Widow Mine x2  
  166  9:54  Marine x2, Marauder x3  
  166  9:55  Marine x2  
  176  10:02  Marine, Marauder  
  176  10:03  Marine x3  
  182  10:12  Marine x2  
Tags
 
Add a new tag
Caveats
  • Supply blocks, unpowered buildings, or Contaminate may cause inaccurate times.
  • Supply counts are checked every 10 seconds.